 Dungeon Crawl Stone Soup version 0.28.0-43-g3370ac3207 (webtiles) character file.

Game seed: 14884983794467697297

1939 croobank the Cleaver (level 9, -2/81 HPs)
             Began as a Hill Orc Fighter on Mar 31, 2022.
             Slain by an orc warrior
             ... wielding a +0 broad axe
              (14 damage)
             ... on level 6 of the Dungeon.
             The game lasted 00:20:55 (5123 turns).

croobank the Cleaver (Hill Orc Fighter)             Turns: 5123, Time: 00:20:56

Health: -2/81      AC:  7    Str: 23    XL:     9   Next: 18%
Magic:  9/9        EV: 10    Int:  8    God:
Gold:   278        SH:  0    Dex: 10    Spells: 8/8 levels left

rFire   + . .      SeeInvis .   G - +0 war axe
rCold   + + .      Faith    .   (no shield)
rNeg    . . .      Spirit   .   y - +1 ring mail {rC+}
rPois   +          Reflect  .   (no helmet)
rElec   .          Harm     .   k - scarf {rC+ rF+}
rCorr   .          Rampage  .   (no gloves)
Will    +....                   (no boots)
Stlth   ..........              q - amulet of regeneration
HPRegen 1.03/turn               l - ring of willpower
MPRegen 0.11/turn               z - ring of poison resistance

@: no status effects
A: no striking features
a: no special abilities


You were on level 6 of the Dungeon.
You visited 1 branch of the dungeon, and saw 6 of its levels.

You collected 278 gold pieces.

Inventory:

Hand Weapons
 a - a +3 halberd of protection
 b - a +2 hunting sling of flaming
 e - a +2 dagger of venom
 p - a +2 whip of flaming
 C - a +1 flail of holy wrath
 G - a +0 war axe (weapon)
Missiles
 f - 152 stones (quivered)
 n - 36 sling bullets
 u - 10 poisoned darts
 v - 71 arrows
Armour
 c - a +0 buckler
 k - a scarf of resistance (worn)
 s - a +0 chain mail
 y - a +1 ring mail of cold resistance (worn)
Jewellery
 l - a ring of willpower (left hand)
 q - an amulet of regeneration (around neck)
 z - a ring of poison resistance (right hand)
 H - a ring of positive energy
Wands
 g - a wand of mindburst (8)
 t - a wand of flame (15)
 A - a wand of iceblast (12)
 I - a wand of acid (5)
Scrolls
 h - a scroll of fear
 m - a scroll of fog
 w - 2 scrolls of teleportation
 D - a scroll of torment
 E - 2 scrolls of identify
Potions
 d - a potion of might
 i - 4 potions of curing
 j - 4 potions of heal wounds
 o - a potion of magic {unknown}
 r - a potion of haste {unknown}
 x - a potion of degeneration {unknown}
 B - a potion of berserk rage {unknown}
 F - a potion of cancellation {unknown}


   Skills:
 + Level 7.9 Fighting
 + Level 8.1 Axes
 + Level 7.2 Armour
 + Level 7.1 Shields


You had 8 spell levels left.
You didn't know any spells.
Your spell library contained the following spells:

 Spells                   Type           Power      Damage    Failure   Level
 Sandblast                Erth           0%         2d4       54%         1
 Passwall                 Tmut/Erth      0%         N/A       67%         2
 Stone Arrow              Conj/Erth      0%         3d7       88%         3


Dungeon Overview and Level Annotations

Branches:
Dungeon (6/15)
 Temple: D:4-7

Altars:
Elyvilon
Kikubaaqudgha
Nemelex Xobeh
Sif Muna

Shops:
D:1 =   D:2 =   D:4 ((

Annotations:
D:3 1 runed translucent door, pkoi's ghost, amateur DgGl


Message History

You hit the orc warrior but do no damage.
You punch the orc warrior.
The orc warrior is lightly wounded.
The orc warrior closely misses you.
You barely miss the orc warrior.
The orc warrior is lightly wounded.
The orc warrior closely misses you.
You hit the orc warrior but do no damage.
The orc warrior is lightly wounded.
The orc warrior hits you with a +0 broad axe!
You completely miss the orc warrior.
The orc warrior is lightly wounded.
The orc warrior hits you with a +0 broad axe.
A gnoll comes into view. It is wielding a +0 club.
The orc warrior barely misses you.
The gnoll shouts!
You hit the orc warrior.
The orc warrior is moderately wounded.
A gnoll comes into view. It is wielding a +0 club.
The orc warrior hits you with a +0 broad axe.
You hit the orc warrior but do no damage.
The orc warrior is moderately wounded.
The orc warrior hits you with a +0 broad axe!
You barely miss the orc warrior.
The orc warrior is moderately wounded.
An iguana comes into view.
The orc warrior hits you with a +0 broad axe!
You barely miss the orc warrior.
The orc warrior is moderately wounded.
The orc warrior hits you with a +0 broad axe!
You barely miss the orc warrior.
The orc warrior is moderately wounded.
The orc warrior hits you with a +0 broad axe!
You slash the orc warrior!
The orc warrior is heavily wounded.
The orc warrior hits you with a +0 broad axe!!
* * * LOW HITPOINT WARNING * * *
A gnoll comes into view. It is wielding a +0 club.
The orc warrior hits you with a +0 broad axe!
You die...

# #.###### #......######
.### g #.#...........#
...# ...
#.............####.#
..(lg#########...........
...go.oo.# #........#.#
...Z####@#####...........
. #...#..[...#..)....#
###.###....#.#.####...
#...# #....#.#.#....##
#...###....#.#.#.#####
#.).#....###.... #..
#...#.#### #### +..
###.#.# #.. #...# ###


You could see an orc warrior, an iguana, 2 gnolls and 2 orcs.

Vanquished Creatures
  Prince Ribbit (D:6)
  4 yaks
  Eustachio (D:5)
  Edmund (D:5)
  A water moccasin (D:6)
  2 black bears
  A centaur (D:5)
  A scorpion (D:5)
  A howler monkey (D:5)
  A bullfrog skeleton (D:5)
  A centaur skeleton (D:5)
  Ijyb (D:5)
  2 iguanas
  An orc wizard (D:5)
  Terence (D:3)
  A hound skeleton (D:4)
  10 adders
  8 gnolls
  A howler monkey skeleton (D:5)
  A shadow imp (D:5)
  A worm (D:2)
  5 dart slugs
  4 orcs
  3 ball pythons
  8 bats
  6 endoplasms
  4 giant cockroaches
  6 hobgoblins
  3 jackals (D:2)
  3 quokkas
  4 frilled lizards
  3 goblins
  6 kobolds
  3 rats
100 creatures vanquished.

Notes
Turn   | Place    | Note
-------+----------+-------------------------------------------
     0 | D:1      | croobank the Hill Orc Fighter began the quest for the Orb.
     0 | D:1      | Reached XP level 1. HP: 19/19 MP: 1/1
   208 | D:1      | Reached XP level 2. HP: 26/27 MP: 2/2
   378 | D:1      | Reached skill level 3 in Axes
   549 | D:1      | Found Jurghik's Jewellery Shop.
   827 | D:2      | Reached XP level 3. HP: 33/33 MP: 3/3
   958 | D:2      | Noticed a floating eye
   992 | D:2      | Found a faded altar of an unknown god.
  1141 | D:2      | Found a sparkling altar of Nemelex Xobeh.
  1285 | D:2      | Noticed an eye of devastation
  1328 | D:2      | Noticed a floating eye
  1336 | D:2      | Noticed a shining eye
  1405 | D:2      | Found Tesaul's Jewellery Boutique.
  2086 | D:3      | Found a runed translucent door.
  2092 | D:3      | Noticed pkoi's ghost (amateur DgGl)
  2170 | D:3      | Reached XP level 4. HP: 40/40 MP: 4/4
  2187 | D:3      | Noticed Terence
  2190 | D:3      | Killed Terence
  2402 | D:3      | Reached skill level 4 in Axes
  2798 | D:4      | Reached XP level 5. HP: 41/47 MP: 5/5
  2875 | D:4      | Noticed a black bear
  2897 | D:4      | Killed a black bear
  2898 | D:4      | Reached skill level 5 in Fighting
  2898 | D:4      | Reached XP level 6. HP: 47/56 MP: 6/6
  3026 | D:4      | Found Qorphuikh's Weapon Shop.
  3116 | D:4      | Found a white marble altar of Elyvilon.
  3184 | D:4      | Reached skill level 5 in Axes
  3349 | D:4      | Found Wuhilaet's Antique Weapon Shop.
  3455 | D:4      | Found an ancient bone altar of Kikubaaqudgha.
  3509 | D:5      | Entered Level 5 of the Dungeon
  3509 | D:5      | Noticed a yak
  3509 | D:5      | Noticed a yak
  3512 | D:5      | Noticed a yak
  3512 | D:5      | Noticed a yak
  3526 | D:4      | Killed a yak
  3527 | D:4      | Reached skill level 5 in Armour
  3527 | D:4      | Reached skill level 5 in Shields
  3527 | D:4      | Reached XP level 7. HP: 24/61 MP: 7/7
  3614 | D:5      | Noticed Edmund
  3614 | D:5      | Noticed Ijyb
  3829 | D:5      | Noticed Eustachio
  3848 | D:5      | Killed Eustachio
  3849 | D:5      | Reached skill level 6 in Axes
  3861 | D:5      | Found a shimmering blue altar of Sif Muna.
  4067 | D:5      | Killed Ijyb
  4167 | D:5      | Killed Edmund
  4168 | D:5      | Reached XP level 8. HP: 68/71 MP: 8/8
  4501 | D:5      | Killed a yak
  4502 | D:5      | Reached skill level 7 in Axes
  4512 | D:4      | Killed a yak
  4607 | D:5      | Killed a yak
  4911 | D:6      | Noticed Prince Ribbit
  4943 | D:6      | Killed Prince Ribbit
  4944 | D:6      | Reached skill level 8 in Axes
  4944 | D:6      | Reached XP level 9. HP: 74/80 MP: 9/9
  5123 | D:6      | Slain by an orc warrior

Illustrated notes

Levels and vault maps discovered:
D:1:      eino_arrival_druids_welcome, layout_loops_cross, serial_shops,
          nicolae_shop_hallway_plus
D:2:      layout_basic, serial_shops, nicolae_lakefront_shop,
          hellmonk_ecumenical_altar_watching_god, basic_altar
D:3:      layout_loops_ring, ebering_ghost_sewer_d,
          amcnicky_mini_rare_corridor_liquid, uniq_terence
D:4:      layout_basic, lemuel_zombie_altar_kikubaaqudgha,
          nicolae_overflow_crystal_walls, serial_shops,
          nicolae_shop_behind_doors, nicolae_shop_advertising_works
          [nicolae_subvault_shop_adworks]
D:5:      layout_layer_cave, tgw_sif, minmay_starry_boxes, uniq_eustachio,
          uniq_ijyb, uniq_edmund
D:6:      layout_basic, mainiacjoe_overflow_alcove_1, nicolae_shop_gadgets,
          uniq_prince_ribbit1

Skill      XL: |  1  2  3  4  5  6  7  8 |
---------------+-------------------------+-----
Axes           | 3 4 5 6 8 |  8.1
Fighting       | 4 5 6 7 |  7.9
Armour         | 4 5 7 |  7.2
Shields        | 4 5 7 |  7.1

Action                   |  1- 3 |  4- 6 |  7- 9 || total
-------------------------+-------+-------+-------++-------
Melee: War axe           |   121 |    91 |   132 ||   344
       Punch             |       |       |     1 ||     1
 Fire: Hunting sling     |     3 |    19 |    18 ||    40
Throw: Stone             |       |     2 |       ||     2
Evoke: Wand              |       |       |     3 ||     3
  Use: Scroll            |       |     8 |     2 ||    10
       Potion            |       |       |     3 ||     3
Armor: Scale mail        |    57 |    42 |    18 ||   117
       Ring mail         |       |       |    35 ||    35
Dodge: Dodged            |    54 |    68 |    63 ||   185
Block: Buckler           |    27 |    16 |    34 ||    77
